 Dungeon Crawl Stone Soup version 0.31-a0-995-g04711c9635 (webtiles) character file.

Game seed: 16572596501747634059

498 Azuregosa the Covert (level 7, 0/46 HPs)
             Began as an Octopode Delver on Nov 6, 2023.
             Succumbed to an adder's poison
             ... on level 4 of the Dungeon.
             The game lasted 00:09:24 (3342 turns).

Azuregosa the Covert (Octopode Delver)              Turns: 3342, Time: 00:09:25

Health: 0/46       AC:  1    Str: 11    XL:     7   Next: 16%
Magic:  7/7        EV: 13    Int: 13    God:
Gold:   125        SH:  0    Dex: 17    Spells: 6/6 levels left

rFire   . . .        h - +0 short sword (drain)
rCold   . . .        (no shield)
rNeg    . . .        (helmet restricted)
rPois   .            (no amulet)
rElec   .            (no ring)
rCorr   .            (no ring)
SInv    .            (no ring)
Will    +....        (no ring)
Stlth   ++++++       (no ring)
HPRegen 0.27/turn    (no ring)
MPRegen 0.10/turn    (no ring)
                     (no ring)

%: no passive effects
@: brilliant, lethally poisoned (0 -> -1), attractive, enlightened, flying,
studying Poison Magic
A: almost no armour, amphibious, 8 rings, camouflage 1, gelatinous body 1,
(nimble swimmer 1), tentacles, agile 1, evolution 1
a: no special abilities


You were on level 4 of the Dungeon.
You visited 1 branch of the dungeon, and saw 5 of its levels.

You collected 125 gold pieces.

Inventory:

Hand Weapons
 a - a +0 short sword
 h - a +0 short sword of draining (weapon)
 t - a +1 dagger of flaming
Missiles
 c - 29 stones
 j - 6 boomerangs
 k - 12 poisoned darts
Magical Staves
 y - a staff of death
Talismans
 v - a beast talisman
Wands
 f - a wand of digging (3)
 C - a wand of acid (6)
Scrolls
 b - a scroll of fog
 d - a scroll of fear
 e - 2 scrolls of revelation
 g - 3 scrolls of identify {unknown}
 n - a scroll of blinking {unknown}
 o - 2 scrolls of vulnerability {unknown}
 p - a scroll of noise {unknown}
 r - a scroll of summoning {unknown}
 s - a scroll of enchant weapon {unknown}
 u - 2 scrolls of teleportation {unknown}
 w - a scroll of amnesia {unknown}
 x - a scroll of enchant armour {unknown}
Potions
 l - a potion of enlightenment
 m - 2 potions of mutation
 z - a potion of heal wounds {unknown}
 B - a potion of haste


   Skills:
 - Level 3.0 Fighting
 - Level 2.0 Short Blades
 - Level 2.0 Dodging
 - Level 12.2 Stealth
 + Level 0.4 Spellcasting


You had 6 spell levels left.
You didn't know any spells.
Your spell library contained the following spells:

 Spells                   Type           Power      Damage    Failure   Level
 Tukima's Dance           Hex            0%         N/A       65%         3
 Passage of Golubria      Tloc           0%         N/A       96%         4
 Iskenderun's Battlesphe  Conj           0%         2d6       100%        5
 Yara's Violent Unravell  Hex/Tmut       0%         3d3       100%        5
 Bombard                  Conj/Erth      0%         9d1       100%        6
 Malign Gateway           Summ/Tloc      0%         N/A       100%        7
 Spellforged Servitor     Conj/Summ      0%         N/A       100%        7
 Summon Horrible Things   Summ           0%         N/A       100%        8


Dungeon Overview and Level Annotations

Branches:
Dungeon (5/15)
 Temple: D:4-7

Altars:
Trog

Annotations:
D:4 Grinder


Innate Abilities, Weirdness & Mutations

You cannot wear most types of armour.
You are amphibious.
You can wear up to eight rings at the same time.
Your skin changes colour to match your surroundings (Stealth+).
Your rubbery body absorbs attacks. (AC +1, EV +1)
((You are camouflaged when in or above water. (Stealth+)))
You have tentacles for arms and can constrict up to eight enemies at once.
You are agile. (Dex +4, Str/Int -1)
You have hidden genetic potential.


Message History

You hit Grinder. You squeeze Grinder, but do no damage.
Grinder is severely wounded.
You constrict Grinder. The adder misses you. Grinder hits you!
* * * LOW HITPOINT WARNING * * *
You writhe in agony.
* * * LOW HITPOINT WARNING * * *
You feel better.
You constrict Grinder. The adder bites you.
* * * LOW HITPOINT WARNING * * *
Grinder blinks free!
The adder bites you.
* * * LOW HITPOINT WARNING * * *
You are lethally poisoned!
The adder poisons you!
You hit the adder but do no damage. You grab the adder. You squeeze the adder.
The adder is severely wounded.
You constrict the adder.
* * * LOW HITPOINT WARNING * * *
You feel sick. The adder barely misses you.
You hit the adder. You drain the adder.
You kill the adder!
* * * LOW HITPOINT WARNING * * *
You feel sick.
It was a potion of enlightenment.
You feel very buoyant.
You fly up into the air.
* * * LOW HITPOINT WARNING * * *
You feel sick.
Grinder blinks!
It was a potion of mutation.
You feel extremely strange.
You feel agile.
You feel a hidden potential growing inside you.
* * * LOW HITPOINT WARNING * * *
You feel sick.
It was a potion of brilliance.
You feel clever all of a sudden.
* * * LOW HITPOINT WARNING * * *
You feel sick. Grinder gestures at you. You resist with almost no effort.
It was a potion of attraction.
You feel attractive to monsters.
You die...

#.# ## #. ###.### ... #.
#.....# ...###. #...#.##
.......##########......#
........................
..........########.###.#
......$...#......#.##...
..###.†@..#......#.####.
..........#......#.# #.
#......5..#......#.# ##
####......#...)....#
#......#......#.#
#......#.....)#######
#......#.............
#....$.#.........)...
#......#.#.#.#.......


You could see Grinder.

Vanquished Creatures
  2 black bears (D:2)
  A phantom (D:4)
  An orc priest (D:4)
  Terence (D:2)
  4 gnolls (D:4)
  6 adders
  2 dart slugs
  7 orcs
  4 ball pythons
  10 bats
  5 endoplasms
  6 giant cockroaches
  7 goblins
  9 hobgoblins
  10 kobolds
  3 quokkas (D:2)
  6 frilled lizards
  6 rats
90 creatures vanquished.

Notes
Turn   | Place    | Note
-------+----------+-------------------------------------------
     0 | D:5      | Azuregosa the Octopode Delver began the quest for the Orb.
     0 | D:5      | Reached XP level 1. HP: 16/16 MP: 1/1
    13 | D:4      | Noticed an iguana
   202 | D:3      | Reached skill level 7 in Stealth
   236 | D:3      | Found a bloodstained altar of Trog.
   258 | D:3      | Reached XP level 2. HP: 21/21 MP: 2/2
   532 | D:2      | Noticed a black bear
   582 | D:2      | Reached XP level 3. HP: 26/26 MP: 3/3
   637 | D:2      | Noticed a black bear
   689 | D:2      | Killed a black bear
   690 | D:2      | Reached skill level 9 in Stealth
   690 | D:2      | Reached XP level 4. HP: 5/31 MP: 4/4
   815 | D:2      | Reached XP level 5. HP: 36/36 MP: 5/5
  1504 | D:2      | Reached skill level 10 in Stealth
  1597 | D:2      | Noticed Terence
  1603 | D:2      | Killed Terence
  1876 | D:2      | Killed a black bear
  1877 | D:2      | Reached skill level 11 in Stealth
  1877 | D:2      | Reached XP level 6. HP: 32/42 MP: 6/6
  2899 | D:4      | HP: 2/42 [orc/+0 mace (6)]
  3193 | D:4      | Reached skill level 12 in Stealth
  3193 | D:4      | Reached XP level 7. HP: 30/46 MP: 7/7
  3324 | D:4      | Noticed Grinder
  3335 | D:4      | HP: 1/46 [Grinder (4)]
  3340 | D:4      | Gained mutation: You are agile. (Dex +4, Str/Int -1)
                  | [potion of mutation]
  3340 | D:4      | Gained mutation: You have hidden genetic potential. [potion
                  | of mutation]
  3340 | D:4      | HP: 1/46 [poisoned by an adder]
  3342 | D:4      | Succumbed to an adder's poison

Illustrated notes

Levels and vault maps discovered:
D:1:      psy_arrival_dodecagon, layout_loops_ring
D:2:      layout_basic, uniq_terence
D:3:      layout_basic, mainiacjoe_overflow_catwalk
D:4:      layout_basic, minmay_temple_entry_poolview, uniq_grinder, uniq_natasha
D:5:      layout_layer_cave, grunt_temple_overflow_open,
          kennysheep_generic_room_15, uniq_eustachio

Skill      XL: |  1  2  3  4  5  6 |
---------------+-------------------+-----
Stealth        | 7 9 11 12 | 12.2
Fighting       | |  3.0
Short Blades   | |  2.0
Dodging        | |  2.0
Spellcasting   | |  0.4

Action                     |  1- 3 |  4- 6 |  7- 9 || total
---------------------------+-------+-------+-------++-------
  Melee: Short sword       |    25 |   121 |    10 ||   156
         Constrict         |     4 |    15 |     2 ||    21
         Tentacles         |     5 |    16 |     5 ||    26
    Use: Scroll            |     1 |       |       ||     1
         Potion            |     2 |     2 |     6 ||    10
   Stab: Sleeping          |     6 |    49 |     1 ||    56
         Distracted        |     1 |       |       ||     1
 Armour: Skin              |    11 |    34 |     6 ||    51
  Dodge: Dodged            |     9 |    50 |     8 ||    67

Table legend: (Time is in decaauts)
 A = Elapsed time spent in this place.
 B = Non-inter-level travel time spent in this place.
 C = Inter-level travel time spent in this place.
 D = Time resting spent in this place.
 E = Time spent auto-exploring this place.
 F = Levels seen in this place.
 G = Mean time per level.
                   A        B        C        D        E       F      G
               +--------+--------+--------+--------+--------+-----+--------+
         Total |   3312 |   3253 |     59 |    380 |   2086 |   5 |  662.4 |
       Dungeon |   3312 |   3253 |     59 |    380 |   2086 |   5 |  662.4 |
               +--------+--------+--------+--------+--------+-----+--------+

Top non-repeatable levels by time:
     D:2: 1064 daAuts
     D:3: 1023 daAuts
     D:4: 616 daAuts
     D:1: 599 daAuts
     D:5: 9 daAuts
